 Dungeon Crawl Stone Soup version 0.27.1-33-g824d729ab1 (webtiles) character file.

Game seed: 17809733926437391156

196 zeram the Shield-Bearer (level 5, -2/49 HPs)
             Began as a Gargoyle Fighter on Dec 23, 2021.
             Slain by an orc (3 damage)
             ... on level 4 of the Dungeon.
             The game lasted 00:03:48 (3703 turns).

zeram the Shield-Bearer (Gargoyle Fighter)          Turns: 3703, Time: 00:03:49

Health: -2/49      AC: 11    Str: 20    XL:     5   Next: 75%
Magic:  5/5        EV:  7    Int:  9    God:
Gold:   184        SH:  9    Dex:  9    Spells: 4/4 levels left

rFire    . . .     SeeInvis .   a - +0 flail
rCold    . . .     Faith    .   c - +0 kite shield
rNeg     + . .     Spirit   .   b - +0 scale mail
rPois    ∞         Reflect  .   (no helmet)
rElec    +         Harm     .   (no cloak)
rCorr    .         Rampage  .   (no gloves)
Will     .....                  (no boots)
Stlth    ..........             (no amulet)
HPRegen  0.16/turn              (no ring)
MPRegen  0.09/turn              (no ring)

@: berserking, very quick
A: sickness immunity, AC +4, negative energy resistance 1, electricity
resistance, torment resistance 1, petrification resistance
a: no special abilities


You were on level 4 of the Dungeon.
You visited 1 branch of the dungeon, and saw 4 of its levels.

You collected 184 gold pieces.

Inventory:

Hand Weapons
 a - a +0 flail (weapon)
Armour
 b - a +0 scale mail (worn)
 c - a +0 kite shield (worn)
Scrolls
 d - a scroll of identify
 f - a scroll of teleportation
 g - 2 scrolls of summoning {unknown}
 h - a scroll of amnesia {unknown}
 i - a scroll of blinking {unknown}
 l - a scroll of silence {unknown}
Potions
 j - a potion of mutation
 k - a potion of degeneration


   Skills:
 + Level 3.9 Fighting
 + Level 3.6 Maces & Flails
 + Level 4.1 Armour
 + Level 1.1 Dodging
 + Level 4.4 Shields


You had 4 spell levels left.
You didn't know any spells.
Your spell library contained the following spells:

 Spells                   Type           Power      Damage    Failure   Level
 Corpse Rot               Necr/Air       N/A        N/A       100%        2
 Ice Form                 Ice/Tmut       0%         N/A       100%        4
 Conjure Ball Lightning   Conj/Air       0%         3x3d6     100%        6
 Simulacrum               Ice/Necr       0%         N/A       100%        6
 Discord                  Hex            0%         N/A       100%        8
 Disjunction              Tloc           0%         N/A       100%        8


Dungeon Overview and Level Annotations

Branches:
Dungeon (4/15)
 Temple: D:4-7

Altars:

Shops:
D:2 !=*[

Annotations:
D:4 3 runed translucent doors, Cheops's ghost, amateur FoAK; Eryximachus's ghost, amateur FoAK; Ironcache's ghost, amateur HOMo; halfoni's ghost, novice HuBe


Innate Abilities, Weirdness & Mutations

You are immune to sickness and miasma.
Your stone body is resilient. (AC +4)
You are immune to poison.
You resist negative energy. (rN+)
You are resistant to electric shocks. (rElec)
You are resistant to unholy torment.
You are immune to petrification.


Message History

You are too injured to fight recklessly!
You are too injured to fight recklessly!
You are too injured to fight recklessly!
You are too injured to fight recklessly!
You are too injured to fight recklessly!
You are too injured to fight recklessly!
You are too injured to fight recklessly!
You are too injured to fight recklessly!
You are too injured to fight recklessly!
You are too injured to fight recklessly!
You are too injured to fight recklessly!
You are too injured to fight recklessly!
You are too injured to fight recklessly!
You are too injured to fight recklessly!
You are too injured to fight recklessly!
You are too injured to fight recklessly!
You are too injured to fight recklessly!
You are too injured to fight recklessly!
You are too injured to fight recklessly!
You are too injured to fight recklessly!
You are too injured to fight recklessly!
Unknown command.
A red film seems to cover your vision as you go berserk!
You feel yourself moving faster!
You feel mighty! The orc hits you but does no damage.
The orc priest hits you with a +0 mace.
* * * LOW HITPOINT WARNING * * *
You barely miss the orc priest. The orc hits you but does no damage.
The orc priest hits you with a +0 mace.
* * * LOW HITPOINT WARNING * * *
The orc hits you with a +0 hand axe.
* * * LOW HITPOINT WARNING * * *
Your shield and scale mail prevent you from hitting the orc priest.
The orc hits you but does no damage.
The orc priest hits you but does no damage.
The orc hits you with a +0 hand axe.
* * * LOW HITPOINT WARNING * * *
Unknown command.
You closely miss the orc priest. You block the orc's attack.
You block the orc priest's attack. The orc hits you with a +0 hand axe.
You die...

#.# #.####### . ##.......####+###
.. #....#..........##...
#[...#...............
#....#...............
####.##.######..###+#
.######.######..###.##.. #####
.............#..@oS..... #....
.............#.Zooo..... #....
.............#...o...... #....
###########.############ ####.
######..#####################.##.
..........#........#........÷.#..
..........'........#..........'..
########.##..###########..###.###
########.###'###..######'####.###


You could see 2 orc priests, an adder, 3 orcs and a howler monkey skeleton.

Vanquished Creatures
  The ghost of DireWerechicken the Skirmisher, a weakling PaFi (D:3)
  Jessica (D:2)
  An iguana (D:3)
  3 adders
  4 dart slugs
  4 orcs (D:3)
  2 bats
  2 endoplasms (D:1)
  2 giant cockroaches (D:3)
  9 hobgoblins
  10 jackals
  4 kobolds
  2 quokkas
  A ball python (D:1)
  2 frilled lizards
  6 goblins
  6 rats
60 creatures vanquished.

Vanquished Creatures (others)
  2 withered plants (D:3)
2 creatures vanquished.

Grand Total: 62 creatures vanquished

Notes
Turn   | Place    | Note
-------+----------+-------------------------------------------
     0 | D:1      | zeram the Gargoyle Fighter began the quest for the Orb.
     0 | D:1      | Reached XP level 1. HP: 14/14 MP: 1/1
   119 | D:1      | Got the Reference Book on the Floating Snowflakes
   142 | D:1      | Reached XP level 2. HP: 19/19 MP: 2/2
   599 | D:1      | Reached XP level 3. HP: 21/23 MP: 3/3
   841 | D:2      | Noticed Jessica
   851 | D:2      | Killed Jessica
  1114 | D:2      | Reached XP level 4. HP: 29/29 MP: 4/4
  1126 | D:2      | Found Baferu's Antique Armour Shoppe.
  1232 | D:2      | Found a faded altar of an unknown god.
  1476 | D:2      | Found Sideceyw's Jewellery Shoppe.
  1506 | D:2      | Found Dauk's Assorted Antiques.
  2036 | D:2      | Found Itroifu's Distillery.
  2500 | D:3      | Found a runed translucent door.
  2501 | D:3      | Noticed DireWerechicken's ghost (weakling PaFi)
  2748 | D:3      | Reached XP level 5. HP: 23/33 MP: 5/5
  3120 | D:3      | Killed DireWerechicken's ghost
  3121 | D:3      | Reached skill level 1 in Dodging
  3671 | D:4      | Found a runed translucent gate.
  3672 | D:4      | Found a runed translucent gate.
  3672 | D:4      | Found a runed translucent gate.
  3673 | D:4      | Noticed Eryximachus's ghost (amateur FoAK)
  3673 | D:4      | Noticed Cheops's ghost (amateur FoAK)
  3673 | D:4      | Noticed Ironcache's ghost (amateur HOMo)
  3673 | D:4      | Noticed halfoni's ghost (novice HuBe)
  3702 | D:4      | HP: 1/49 [orc (5)]
  3703 | D:4      | Slain by an orc

Illustrated notes

Levels and vault maps discovered:
D:1:      scummos_arrival_checkerplants, layout_loops_cross
D:2:      layout_basic, hellmonk_ecumenical_altar_crossroads, serial_shops,
          nicolae_shop_window_shopping, nicolae_square_shop,
          nicolae_shop_behind_doors,
          nicolae_shop_temple_entry_statues_fountains, minmay_liquid_box,
          uniq_jessica
D:3:      layout_rooms, portal_sewer_entry_d, gammafunk_ghost_grave
D:4:      layout_gridville, gammafunk_ghost_cemetery

Skill      XL: |  1  2  3  4  5 |
---------------+----------------+-----
Maces & Flails | 3 |  3.6
Armour         | 4 |  4.1
Shields        | 4 |  4.4
Dodging        | 1 |  1.1
Fighting       | |  3.9

Action                   |  1- 3 |  4- 6 || total
-------------------------+-------+-------++-------
Melee: Flail             |    73 |   197 ||   270
  Use: Scroll            |     2 |     3 ||     5
       Potion            |       |     2 ||     2
Armor: Scale mail        |    38 |   150 ||   188
Dodge: Dodged            |    26 |    76 ||   102
Block: Kite shield       |    36 |   119 ||   155
